 Dungeon Crawl Stone Soup version 0.27.1-4-g1640c2035a (webtiles) character file.

Game seed: 1955615138706795543

39 iamoutofideas the Magician (level 3, -2/19 HPs)
             Began as a Deep Elf Venom Mage on Nov 2, 2021.
             Slain by a phantom (4 damage)
             ... on level 1 of the Dungeon.
             The game lasted 00:02:27 (1531 turns).

iamoutofideas the Magician (Deep Elf Venom Mage)    Turns: 1531, Time: 00:02:28

Health: -2/19      AC:  3    Str:  5    XL:     3   Next: 26%
Magic:  10/10      EV: 17    Int: 20    God:
Gold:   41         SH:  0    Dex: 15    Spells: 3/9 levels left

rFire    . . .     SeeInvis .   g - +1 dagger (speed)
rCold    . . .     Faith    .   (no shield)
rNeg     . . .     Spirit   .   c - +1 robe {Will+}
rPois    .         Reflect  .   (no helmet)
rElec    .         Harm     .   (no cloak)
rCorr    .         Rampage  .   (no gloves)
Will     +....                  (no boots)
Stlth    ++........             (no amulet)
HPRegen  0.06/turn              b - +4 ring of evasion
MPRegen  0.12/turn              (no ring)

@: no status effects
A: no striking features
a: no special abilities


You were on level 1 of the Dungeon.
You visited 1 branch of the dungeon, and saw 2 of its levels.

You collected 41 gold pieces.

Inventory:

Hand Weapons
 g - a +1 dagger of speed (weapon)
Armour
 a - a +0 robe
 c - a +1 robe of willpower (worn)
Jewellery
 b - a +4 ring of evasion (left hand)
Scrolls
 e - a scroll of enchant armour {unknown}
 h - 4 scrolls of identify {unknown}
Potions
 d - 3 potions of attraction {unknown}
 f - a potion of heal wounds {unknown}
 i - 2 potions of curing {unknown}
 j - a potion of might {unknown}


   Skills:
 + Level 2.7 Dodging
 + Level 2.7 Stealth
 + Level 3.9 Spellcasting
 + Level 1.4 Transmutations
 + Level 0.1 Air Magic
 + Level 3.8 Poison Magic


You had 3 spell levels left.
You knew the following spells:

 Your Spells              Type           Power      Damage    Failure   Level
a - Sting                 Tmut/Pois      56%        1d5       4%          1
b - Poisonous Vapours     Pois/Air       22%        N/A       9%          2
c - Mephitic Cloud        Conj/Pois/Air  9%         N/A       22%         3

Your spell library contained the following spells:

 Spells                   Type           Power      Damage    Failure   Level
 Olgreb's Toxic Radiance  Pois           19%        N/A       26%         4


Dungeon Overview and Level Annotations

Branches:
Dungeon (2/15)

Altars:


Message History

Aim: a phantom (60% to hit)
The sting hits the phantom but does no damage.
The phantom misses you.
Unknown command.
Press: ? - help, v - describe, . - travel
Here: a phantom The floor.
Unknown command.
You miss the phantom. The phantom misses you.
You hit the phantom.
The phantom is lightly damaged.
You hit the phantom but do no damage.
The phantom is lightly damaged.
The phantom hits you!
The phantom blinks!
You blink.
A ball python and a dart slug come into view.
An endoplasm comes into view.
The phantom hits you but does no damage.
The dart slug launches a dart at you. The slug dart hits you.
Your magical contamination has completely faded away.
You see here a cyan potion.
The phantom hits you.
The phantom blinks!
You blink.
The dart slug launches a dart at you. The slug dart misses you.
The ball python hisses angrily.
The phantom misses you. The ball python barely misses you.
The ball python grabs you. The ball python constricts you.
You escape the ball python's grasp.
The phantom hits you.
There is a stone staircase leading up here.
The phantom hits you!
* * * LOW HITPOINT WARNING * * *
You climb upwards.
There is a stone staircase leading down here.
The phantom barely misses you.
Unknown command.
Unknown command.
The phantom closely misses you. The phantom hits you.
You die...

#...# #.##.# #.#.# #.##.#
########.#.####### #.##.#
.................# #.##.##
########.#.#####.# #.##.#.
.............# #.# #.##.#.
....######.#.###.# #.####.
.........#.#..##.##### ###......
....###.##.##.##@#...# #........
#..............W.#...# #........
..#########.#..###...####........
..# #.##.#...).............
..#########.##)#.................
.................................
..#########.###..................
..#########.# #.(######.#..).....
..##........####.# #.#........


You could see a phantom.

Vanquished Creatures
  A gnoll (D:1)
  A dart slug (D:1)
  A ball python (D:2)
  2 endoplasms
  4 giant cockroaches
  2 goblins (D:1)
  4 hobgoblins
  2 quokkas
  2 bats (D:1)
  A frilled lizard (D:1)
  2 kobolds (D:1)
  2 rats (D:1)
24 creatures vanquished.

Vanquished Creatures (others)
  3 demonic plants (D:1)
  A fungus (D:1)
  2 withered plants (D:1)
6 creatures vanquished.

Grand Total: 30 creatures vanquished

Notes
Turn   | Place    | Note
-------+----------+-------------------------------------------
     0 | D:1      | iamoutofideas the Deep Elf Venom Mage began the quest for
                  | the Orb.
     0 | D:1      | Reached XP level 1. HP: 10/10 MP: 6/6
   292 | D:1      | Found a faded altar of an unknown god.
   304 | D:1      | Reached XP level 2. HP: 9/15 MP: 5/8
   659 | D:1      | Learned a level 2 spell: Poisonous Vapours
   848 | D:1      | Reached XP level 3. HP: 10/19 MP: 2/10
  1285 | D:2      | Learned a level 3 spell: Mephitic Cloud
  1468 | D:2      | Noticed a phantom
  1531 | D:1      | Slain by a phantom

Illustrated notes

Levels and vault maps discovered:
D:1:      sevenhm_arrival_forest_fort_small_4, layout_basic,
          shapermc_ecumenical_altar_gd
D:2:      layout_basic, kennysheep_generic_room_15

Action                   || total
-------------------------++-------
Melee: Dagger            ||    24
       Unarmed           ||     1
 Cast: Sting             ||    35
       Poisonous Vapours ||     2
Armor: Robe              ||     5
Dodge: Dodged            ||    28
